 Dungeon Sprint DCSS version 0.26.1-11-gd32895ea62 (webtiles) character file.

Game seed: 18230287876737322650

13275 Zeld the Warrior (level 11, -8/123 HPs)
             Began as a Minotaur Berserker on June 14, 2021.
             Was the Champion of Trog.
             Mangled by an 11-headed hydra (9 damage)
             ... while paralysed by a floating eye
             ... in the Dungeon (Sprint I: "Red Sonja").
             The game lasted 00:09:13 (5708 turns).

Zeld the Warrior (Minotaur Berserker)               Turns: 5708, Time: 00:09:13

Health: -8/123     AC: 13    Str: 30    XL:     11   Next: 73%
Magic:  6/6        EV:  2    Int:  0    God:    Trog [******]
Gold:   1          SH:  0    Dex:  6    Spells: 10/10 levels left

rFire    . . .     SeeInvis +   b - +2 broad axe (flame)
rCold    . . .     Faith    .   (no shield)
rNeg     . . .     Spirit   .   k - +1 chain mail "Ocysao" {Will- Str+7 Slay+3}
rPois    .         Reflect  +   (helmet restricted)
rElec    .         Harm     .   (no cloak)
rCorr    .         Rampage  .   o - +0 pair of gloves
Will     .....     NoTele   +   (no boots)
Stlth    ..........             j - amulet of reflection
HPRegen  0.00/turn              m - ring of see invisible
MPRegen  0.10/turn              (no ring)

@: paralysed, berserking, slowed, lost intelligence
A: retaliatory headbutt, horns 2, clumsy 2, deformed body, deterioration 2,
dopey 2, frail 3, low mp 3, screaming 3, inhibited regeneration, weak 1, subdued
magic 3
a: Renounce Religion, Berserk, Trog's Hand, Brothers in Arms


You were in the Dungeon.
You worshipped Trog.
Trog was exalted by your worship.
You visited 1 branch You collected 1188 gold pieces.
You spent 1187 gold pieces at shops.

Inventory:

Hand Weapons
 a - a +5 vorpal battleaxe
 b - a +2 broad axe of flaming (weapon)
Armour
 k - the +1 chain mail "Ocysao" (worn) {Will- Str+7 Slay+3}
   (You found it in the Dungeon)

   It affects your strength (+7).
   It affects your accuracy and damage with ranged weapons and melee attacks
   (+3).
   It affects your willpower, your defense against some magical effects.
 o - a +0 pair of gloves (worn)
Jewellery
 j - an amulet of reflection (around neck)
 m - a ring of see invisible (left hand)
Wands
 d - a wand of iceblast (9)
 n - a wand of polymorph (3)
Scrolls
 h - a scroll of blinking
 q - 7 scrolls of identify
 r - a scroll of summoning
 s - 2 scrolls of fear
 t - a scroll of remove curse {unknown}
 u - a scroll of immolation {unknown}
Potions
 c - 6 potions of curing
 e - a potion of haste
 f - 2 potions of magic
 g - a potion of berserk rage
 i - 2 potions of flight {unknown}
 l - a potion of attraction {unknown}
 p - a potion of lignification {unknown}


   Skills:
 + Level 17.6 Fighting
 + Level 16.1 Axes
 + Level 17.2 Armour
 + Level 16.1 Dodging


You had 10 spell levels left.
You didn't know any spells.
Your spell library was empty.

Dungeon Overview and Level Annotations

Branches:
Dungeon (1/1)

Altars:
Cheibriados
Dithmenos
Elyvilon
Fedhas
Gozag
Hepliaklqana
Kikubaaqudgha
Makhleb
Nemelex Xobeh
Okawaru
Qazlal
Ru
Sif Muna
Trog
Uskayaw
Vehumet
Wu Jian
Xom
Yredelemnul
Zin
The Shining One
Jiyva
Lugonu

Shops:
D =(=!(}[[?**=***:}*=[=


Innate Abilities, Weirdness & Mutations

You reflexively headbutt those who attack you in melee.
You have a pair of horns on your head.
You are very clumsy. (Dex -4)
Armour fits poorly on your strangely shaped body.
Your body often deteriorates upon taking damage.
You are very dopey. (Int -4)
You are extremely frail. (-30% HP)
Your magical capacity is extremely low. (-30% MP)
You frequently scream uncontrollably at your foes.
You do not regenerate when monsters are visible.
You are weak. (Str -2)
Your spells are much easier to cast, but much less powerful.


Message History

The 11-headed hydra bites you but does no damage.
The 11-headed hydra bites you.
The 11-headed hydra bites you but does no damage.
The floating eye's view fixates on you. The 11-headed hydra bites you! x2
* * * LOW HITPOINT WARNING * * *
The 11-headed hydra bites you but does no damage.
The 11-headed hydra bites you.
* * * LOW HITPOINT WARNING * * *
The 11-headed hydra bites you but does no damage.
The 11-headed hydra bites you!
* * * LOW HITPOINT WARNING * * *
The 11-headed hydra completely misses you.
The 11-headed hydra bites you but does no damage.
The 11-headed hydra bites you.
* * * LOW HITPOINT WARNING * * *
The 11-headed hydra bites you!
* * * LOW HITPOINT WARNING * * *
The 11-headed hydra bites you!
You die...

#####################
..#[.#...§'.§§.§@DG$#
..##§#§####§§§§§##$.+
.)'.§#§# ##§§§## ##
###.§§.# #$###+#
.##+####°.$#y#.#
.#°°^.°#.°$###..###$#
.#°°..^+..$$$##.#A#$#
'###○○.# .###$#
.'.#..^# ##..$#


You could see a 11-headed hydra and a floating eye (charged).

Vanquished Creatures
  Sonja (D)
  2 unseen horrors (D)
  A deep troll (D)
  A lindwurm (D)
  An oklob plant (D)
  8 shining eyes (D)
  A gargoyle (D)
  2 kobold demonologists (D)
  4 demonic crawlers (D)
  A hornet (D)
  A slime creature (D)
  Sigmund (D)
  2 redbacks (D)
  13 hogs (D)
  A yak (D)
  6 floating eyes (D)
  An ogre (D)
  7 necrophages (D)
  8 jellies (D)
  Ijyb (D)
63 creatures vanquished.

Vanquished Creatures (collateral kills)
  A lorocyproca (D)
  2 centaur warriors (D)
3 creatures vanquished.

Vanquished Creatures (others)
  A gargoyle (D)
  2 ballistomycete spores (D)
3 creatures vanquished.

Grand Total: 69 creatures vanquished

Notes
Turn   | Place    | Note
-------+----------+-------------------------------------------
     0 | D        | Zeld the Minotaur Berserker began the quest for the Orb.
     0 | D        | Reached XP level 1. HP: 19/19 MP: 0/0
     2 | D        | Noticed Ijyb
    13 | D        | Killed Ijyb
    14 | D        | Reached skill level 5 in Axes
    14 | D        | Reached XP level 2. HP: 28/28 MP: 1/1
   146 | D        | Noticed an ogre
   150 | D        | Killed an ogre
   151 | D        | Reached skill level 5 in Armour
   151 | D        | Reached XP level 3. HP: 37/37 MP: 2/2
   151 | D        | Reached XP level 4. HP: 44/44 MP: 3/3
   282 | D        | Noticed Sigmund
   287 | D        | Killed Sigmund
   287 | D        | Reached ** piety under Trog
   288 | D        | Reached skill level 10 in Axes
   288 | D        | Reached XP level 5. HP: 52/52 MP: 4/4
   288 | D        | Reached XP level 6. HP: 60/60 MP: 5/5
   456 | D        | Found an ornate altar of the Wu Jian Council.
   456 | D        | Found a shimmering blue altar of Sif Muna.
   458 | D        | Found a radiant altar of Vehumet.
   521 | D        | Got an ancient chain mail
   532 | D        | Identified the +1 chain mail "Ocysao" {Will- Str+7 Slay+3}
                  | (You found it in the Dungeon)
   625 | D        | Found Jiarph's Distillery.
   625 | D        | Found an ancient bone altar of Kikubaaqudgha.
   625 | D        | Found a hazy altar of Hepliaklqana.
   625 | D        | Found a stormy altar of Qazlal.
   625 | D        | Found a hide-covered altar of Uskayaw.
   625 | D        | Found a blossoming altar of Fedhas.
   625 | D        | Found a bloodstained altar of Trog.
   625 | D        | Found an iron altar of Okawaru.
   625 | D        | Found a basalt altar of Yredelemnul.
   625 | D        | Found a glowing golden altar of the Shining One.
   625 | D        | Found a snail-covered altar of Cheibriados.
   625 | D        | Found a sacrificial altar of Ru.
   625 | D        | Found a glowing silver altar of Zin.
   625 | D        | Found a shadowy altar of Dithmenos.
   625 | D        | Found a white marble altar of Elyvilon.
   625 | D        | Noticed a yak
   629 | D        | Killed a yak
   630 | D        | Found an opulent altar of Gozag.
   631 | D        | Found a sparkling altar of Nemelex Xobeh.
   806 | D        | Killed a gargoyle
   885 | D        | Bought a potion of heal wounds for 65 gold pieces
   885 | D        | Bought 2 potions of heal wounds for 130 gold pieces
   885 | D        | Bought a potion of curing for 39 gold pieces
   885 | D        | Bought a potion of curing for 39 gold pieces
   897 | D        | Noticed Sonja
   923 | D        | Killed Sonja
   923 | D        | Reached *** piety under Trog
   924 | D        | Reached skill level 10 in Fighting
   924 | D        | Reached XP level 7. HP: 30/72 MP: 6/6
   924 | D        | Reached XP level 8. HP: 33/79 MP: 7/7
  1336 | D        | Found Piwecu's Jewellery Boutique.
  1346 | D        | Noticed a shining eye
  1346 | D        | Noticed a shining eye
  1346 | D        | Noticed a shining eye
  1346 | D        | Noticed a shining eye
  1346 | D        | Noticed a shining eye
  1346 | D        | Noticed a shining eye
  1347 | D        | Gained mutation: Your spells are a little easier to cast,
                  | but a little less powerful. [a shining eye]
  1349 | D        | Gained mutation: Your body sometimes deteriorates upon
                  | taking damage. [a shining eye]
  1349 | D        | Gained mutation: You do not regenerate when monsters are
                  | visible. [a shining eye]
  1351 | D        | Paralysed by a floating eye for 3 turns
  1351 | D        | Gained mutation: Your body often deteriorates upon taking
                  | damage. [a shining eye]
  1351 | D        | Gained mutation: Your spells are easier to cast, but less
                  | powerful. [a shining eye]
  1354 | D        | Gained mutation: You occasionally shout uncontrollably at
                  | your foes. [a shining eye]
  1357 | D        | Reached skill level 10 in Armour
  1358 | D        | Gained mutation: You are dopey. (Int -2) [a shining eye]
  1358 | D        | Gained mutation: Your spells are much easier to cast, but
                  | much less powerful. [a shining eye]
  1359 | D        | Gained mutation: You sometimes yell uncontrollably at your
                  | foes. [a shining eye]
  1360 | D        | Lost mutation: You do not regenerate when monsters are
                  | visible. [a shining eye]
  1361 | D        | Killed a shining eye
  1361 | D        | Gained mutation: You are frail. (-10% HP) [a shining eye]
  1363 | D        | Killed a shining eye
  1363 | D        | Reached **** piety under Trog
  1364 | D        | Reached skill level 10 in Dodging
  1365 | D        | Killed a shining eye
  1365 | D        | Gained mutation: You do not regenerate when monsters are
                  | visible. [a shining eye]
  1365 | D        | Gained mutation: You frequently scream uncontrollably at
                  | your foes. [a shining eye]
  1366 | D        | Reached XP level 9. HP: 81/81 MP: 8/8
  1366 | D        | Lost intelligence.
  1366 | D        | Gained mutation: You are very dopey. (Int -4) [a shining
                  | eye]
  1367 | D        | Gained mutation: You are very frail. (-20% HP) [a shining
                  | eye]
  1369 | D        | Gained mutation: Your magical capacity is low. (-10% MP) [a
                  | shining eye]
  1369 | D        | Gained mutation: You are extremely frail. (-30% HP) [a
                  | shining eye]
  1370 | D        | Gained mutation: Your magical capacity is very low. (-20%
                  | MP) [a shining eye]
  1372 | D        | Killed a shining eye
  1374 | D        | Gained mutation: You are clumsy. (Dex -2) [a shining eye]
  1375 | D        | Killed a shining eye
  1378 | D        | Killed a shining eye
  1378 | D        | Reached ***** piety under Trog
  1380 | D        | Noticed a shining eye
  1380 | D        | Noticed a shining eye
  1380 | D        | Paralysed by a floating eye for 2 turns
  1384 | D        | Gained mutation: Your magical capacity is extremely low.
                  | (-30% MP) [a shining eye]
  1386 | D        | Gained mutation: You are very clumsy. (Dex -4) [a shining
                  | eye]
  1389 | D        | Killed a shining eye
  1390 | D        | Reached XP level 10. HP: 72/72 MP: 6/6
  1390 | D        | Gained mutation: You are weak. (Str -2) [a shining eye]
  1393 | D        | Gained mutation: Armour fits poorly on your strangely
                  | shaped body. [a shining eye]
  1394 | D        | Killed a shining eye
  1394 | D        | Received a gift from Trog
  1487 | D        | Found Ciroch's Weapon Shoppe.
  1487 | D        | Found Ocenecs's Weapon Shop.
  1487 | D        | Found Dotiruad's Jewellery Emporium.
  1487 | D        | Found Qypsoemm's Gadget Boutique.
  1510 | D        | Bought an uncursed ring of see invisible for 195 gold
                  | pieces
  1647 | D        | Bought a wand of polymorph (3) for 55 gold pieces
  1812 | D        | Noticed a deep troll
  1817 | D        | Killed a deep troll
  1942 | D        | Found Bege's Armour Emporium.
  2048 | D        | Bought a +0 pair of gloves for 63 gold pieces
  2087 | D        | Found a burning altar of Makhleb.
  2087 | D        | Found a viscous altar of Jiyva.
  2087 | D        | Found a shimmering altar of Xom.
  2087 | D        | Found a corrupted altar of Lugonu.
  2093 | D        | Reached skill level 15 in Fighting
  2493 | D        | Paralysed by a floating eye for 2 turns
  2496 | D        | Noticed a smoke demon
  2499 | D        | Noticed a rust devil
  2824 | D        | Reached skill level 15 in Armour
  2825 | D        | Received a gift from Trog
  3097 | D        | Noticed a lindwurm
  3101 | D        | Killed a lindwurm
  3386 | D        | Received a gift from Trog
  3393 | D        | Reached XP level 11. HP: 56/79 MP: 6/6
  3396 | D        | Reached ****** piety under Trog
  3401 | D        | Received a gift from Trog
  3403 | D        | Reached skill level 15 in Dodging
  3407 | D        | HP: 3/80 [hog (7)]
  3624 | D        | Noticed a daeva
  4296 | D        | Noticed a lorocyproca
  4304 | D        | HP: 4/81 [lorocyproca (15)]
  4304 | D        | Killed a lorocyproca
  4305 | D        | Reached skill level 15 in Axes
  4748 | D        | Noticed a centaur warrior
  4750 | D        | Noticed a centaur warrior
  4753 | D        | Killed a centaur warrior
  4756 | D        | Killed a centaur warrior
  4875 | D        | Paralysed by a hornet for 2 turns
  5061 | D        | Noticed an oklob plant
  5064 | D        | Killed an oklob plant
  5333 | D        | Noticed an unseen horror
  5334 | D        | Noticed an unseen horror
  5335 | D        | Killed an unseen horror
  5337 | D        | Received a gift from Trog
  5338 | D        | Killed an unseen horror
  5348 | D        | Received a gift from Trog
  5384 | D        | Identified the Collected Works on Envenoming and
                  | Transmigration
  5455 | D        | Found Vucvic's Armour Shoppe.
  5455 | D        | Found Zurch's Antique Armour Shop.
  5455 | D        | Found Tikixai's Magic Scroll Boutique.
  5457 | D        | Found Weqopuxu's General Store.
  5457 | D        | Found Julukhaf's Assorted Antiques.
  5457 | D        | Found Kodesm's Jewellery Shoppe.
  5457 | D        | Found Pushra's General Store.
  5457 | D        | Found Jika Reu's General Store.
  5457 | D        | Found Qugh's Assorted Antiques.
  5457 | D        | Found Teluaq's Book Shoppe.
  5461 | D        | Bought a scroll of identify for 26 gold pieces
  5461 | D        | Bought a scroll of summoning for 123 gold pieces
  5461 | D        | Bought a scroll of identify for 26 gold pieces
  5461 | D        | Bought a scroll of identify for 26 gold pieces
  5461 | D        | Bought a scroll of fear for 45 gold pieces
  5461 | D        | Found Nistriqe's Gadget Boutique.
  5462 | D        | Bought a scroll of fear for 49 gold pieces
  5462 | D        | Bought a scroll of identify for 28 gold pieces
  5462 | D        | Found Dapomiz's Jewellery Emporium.
  5462 | D        | Found Asawomp's General Store.
  5463 | D        | Bought a scroll labelled RERHEA HAGOITT for 20 gold pieces
  5463 | D        | Bought a scroll labelled QUSTE SIOZ for 20 gold pieces
  5463 | D        | Bought a scroll of identify for 40 gold pieces
  5463 | D        | Bought a fuming orange potion for 18 gold pieces
  5463 | D        | Bought 3 potions of curing for 180 gold pieces
  5463 | D        | Found Qihas's Jewellery Emporium.
  5704 | D        | Noticed a 12-headed hydra
  5706 | D        | Paralysed by a floating eye for 2 turns
  5708 | D        | HP: 1/123 [11-headed hydra (10)]
  5708 | D        | Mangled by an 11-headed hydra

Illustrated notes

Levels and vault maps discovered:
D:        dungeon_sprint_1 [red_sonja_temple_1, red_sonja_temple_small_1]

Skill      XL: |  1  2  3  4  5  6  7  8  9 10 11 |
---------------+----------------------------------+-----
Fighting       | 4 6 7 10 12 14 16 17 | 17.6
Axes           | 5 7 10 13 14 16 | 16.1
Armour         | 3 5 7 9 11 13 15 17 | 17.2
Dodging        | 3 4 6 8 11 12 14 16 | 16.1

Action                   |  1- 3 |  4- 6 |  7- 9 | 10-12 || total
-------------------------+-------+-------+-------+-------++-------
Melee: Hand axe          |    11 |    20 |    30 |     5 ||    66
       Headbutt          |       |     4 |    10 |    16 ||    30
       Battleaxe         |       |       |       |    32 ||    32
       Executioner's axe |       |       |       |    53 ||    53
       Broad axe         |       |       |       |     1 ||     1
Invok: Berserk           |     2 |     4 |       |     9 ||    15
       Trog's Hand       |       |     2 |       |       ||     2
       Brothers in Arms  |       |       |       |     4 ||     4
  Use: Potion            |       |     2 |       |     4 ||     6
Armor: Chain mail        |       |    23 |     1 |    91 ||   115
       Animal skin       |       |     1 |       |       ||     1
Dodge: Dodged            |     4 |    23 |       |   117 ||   144
Block: Other             |       |    14 |       |    38 ||    52
       Reflection        |       |     1 |       |       ||     1
